 Dungeon Crawl Stone Soup version 0.22-a0-196-gee22f27 (webtiles) character file.

471 mortelune the Chiller (level 6, -3/41 HPs)
             Began as a Demonspawn Ice Elementalist on Feb 17, 2018.
             Was an Initiate of Makhleb.
             Slain by Duvessa
             ... wielding a +0 short sword
              (10 damage)
             ... on level 3 of the Dungeon.
             The game lasted 00:12:52 (5485 turns).

mortelune the Chiller (Demonspawn Ice Elementalist) Turns: 5485, Time: 00:12:53

Health: -3/41      AC:  7    Str:  8    XL:     6   Next: 83%
Magic:  3/12       EV: 21    Int: 19    God:    Makhleb [......]
Gold:   117        SH:  0    Dex: 18    Spells: 3/13 levels left

rFire    . . .     SeeInvis .   q - +0 flail
rCold    . . .     Gourm    .   (no shield)
rNeg     . . .     Faith    .   a - +0 robe
rPois    .         Spirit   .   (helmet restricted)
rElec    .         Reflect  .   (no cloak)
rCorr    .         Harm     .   (no gloves)
MR       +....                  (no boots)
Stlth    +++.......             k - amulet of magic regeneration
HPRegen  0.13/turn              h - ring of protection from magic
MPRegen  0.38/turn              (no ring)

@: agile, icy armour, very slightly contaminated, slow
A: antennae 1, repulsion field 1
a: Renounce Religion


You were on level 3 of the Dungeon.
You worshipped Makhleb.
Makhleb was noncommittal.
You were not hungry.

You visited 1 branch of the dungeon, and saw 4 of its levels.

You collected 117 gold pieces.

Inventory:

Hand Weapons
 d - a +0 club
 i - a +0 whip
 q - a +0 flail (weapon)
Armour
 a - a +0 robe (worn)
 s - a +0 chain mail of positive energy
 u - a cursed -2 chain mail
Jewellery
 h - a ring of protection from magic (left hand)
 k - an amulet of magic regeneration (around neck)
 m - an uncursed amulet of faith {unknown}
 r - an uncursed amulet of the acrobat {unknown}
Scrolls
 e - 2 scrolls of teleportation {unknown}
 l - a scroll of magic mapping {unknown}
 n - 2 scrolls of remove curse {unknown}
 t - a scroll of noise {unknown}
Potions
 g - a potion of degeneration
 j - 2 potions of might
 p - 2 potions of haste
Books
 b - a book of Frost

   Spells                             Type                      Level
   a - Freeze                         Ice                          1
   b - Throw Frost                    Conjuration/Ice              2
   c - Ozocubu's Armour               Charms/Ice                   3
   d - Throw Icicle                   Conjuration/Ice              4
   e - Summon Ice Beast               Ice/Summoning                4
Comestibles
 c - 2 rations


   Skills:
 - Level 3.0 Dodging
 - Level 1.7 Stealth
 + Level 4.2 Spellcasting
 - Level 1.0 Conjurations
 + Level 2.7 Summonings
 + Level 4.6 Ice Magic


You had 3 spell levels left.
You knew the following spells:

 Your Spells              Type           Power        Failure   Level  Hunger
a - Freeze                Ice            ###.         1%          1    None
b - Throw Frost           Conj/Ice       ##....       6%          2    ##.....
c - Ozocubu's Armour      Chrm/Ice       ##......     16%         3    ###....
d - Summon Ice Beast      Ice/Summ       ###.....     28%         4    ####...


Dungeon Overview and Level Annotations

Branches:
Dungeon (4/15)
 Temple: D:4-7

Altars:
Elyvilon
Makhleb

Annotations:
D:3 Duvessa; NeonDemon's ghost, weakling GnWr


Innate Abilities, Weirdness & Mutations

You have a pair of small antennae on your head.
You are surrounded by a mild repulsion field. (EV +2)


Message History

Aim: Duvessa, wielding a short sword and wearing a leather armour (moderately wounded, berserk, fast, unusually strong)
You freeze Duvessa.
Duvessa is heavily wounded.
Duvessa completely misses you. Duvessa closely misses you.
Your ice beast barely misses Duvessa.
Your ice beast barely misses Duvessa.
Casting: Freeze (safe; 1% risk of failure)
Confirm with . or Enter, or press ? or * to list all spells.
Aiming: Freeze (safe; 1% risk of failure)
Press: ? - help, Shift-Dir - straight line, f/p - Duvessa
Aim: Duvessa, wielding a short sword and wearing a leather armour (heavily wounded, berserk, fast, unusually strong)
You freeze Duvessa.
Duvessa is severely wounded.
Duvessa completely misses you. Duvessa closely misses you.
Your ice beast closely misses Duvessa.
Okay, then.
Casting: Freeze (safe; 1% risk of failure)
Confirm with . or Enter, or press ? or * to list all spells.
A film of ice covers your body! Duvessa hits you with a short sword!
You die...

# ##### ##### .# #...
...# ##.### #.#
##.##.....# ..######
###.)Y#.....##
.......####....e@.......
.....#.W....#...#.....#.
###...>#######.##....)#
#...##<..###.####.#...
#..s.W...##.......#.## #
#.#..#...##..###....#
#.##.##.###.........# .
#.##.##.###...#.(....
..#.##.##[##......#...#
#.


You could see Duvessa (berserk) and a friendly ice beast.

Vanquished Creatures
  An ogre (D:4)
  Dowan (D:4)
  A crimson imp (D:4)
  2 hounds
  An orc priest (D:3)
  Terence (D:2)
  A worker ant (D:4)
  3 gnolls (D:2)
  3 adders
  An ooze (D:1)
  2 worms
  3 dart slugs (D:1)
  12 orcs
  A ball python (D:1)
  6 giant cockroaches
  5 goblins
  5 hobgoblins
  8 jackals
  7 kobolds
  6 bats
  7 frilled lizards
  10 rats
87 creatures vanquished.

Notes
Turn   | Place    | Note
-------+----------+-------------------------------------------
     0 | D:1      | mortelune the Demonspawn Ice Elementalist began the quest for the Orb.
     0 | D:1      | Reached XP level 1. HP: 13/13 MP: 3/3
   168 | D:1      | Gained mutation: You are surrounded by a mild repulsion field. (EV +2) [demonic ancestry]
   168 | D:1      | Reached XP level 2. HP: 11/19 MP: 0/5
   213 | D:1      | Learned a level 2 spell: Throw Frost
  1207 | D:1      | Reached XP level 3. HP: 21/24 MP: 2/6
  1772 | D:2      | Found a white marble altar of Elyvilon.
  1880 | D:2      | Found a burning altar of Makhleb.
  1884 | D:2      | Reached XP level 4. HP: 16/30 MP: 4/8
  2875 | D:2      | Noticed Terence
  2949 | D:2      | Learned a level 3 spell: Ozocubu's Armour
  2974 | D:2      | Killed Terence
  3328 | D:3      | Noticed NeonDemon's ghost (weakling GnWr)
  3533 | D:3      | Reached XP level 5. HP: 35/35 MP: 6/9
  3578 | D:3      | Learned a level 4 spell: Summon Ice Beast
  3993 | D:3      | Reached skill level 1 in Summonings
  4336 | D:4      | Noticed an ogre
  4365 | D:4      | Noticed Duvessa
  4366 | D:4      | Noticed Dowan
  4557 | D:4      | Noticed an ogre
  4570 | D:4      | Killed an ogre
  4570 | D:4      | Gained mutation: You have a pair of small antennae on your head. [demonic ancestry]
  4570 | D:4      | Reached XP level 6. HP: 20/41 MP: 2/11
  4759 | D:2      | Became a worshipper of Makhleb the Destroyer
  5132 | D:4      | Killed Dowan
  5485 | D:3      | Slain by Duvessa

Vault maps used:
D:1:      ncdulo_wetmaze
D:2:      lemuel_crystal_altar, eino_curves_04, makhleb_heckhound_becter,
          uniq_terence
D:4:      temple_doors_e, first_ration, guppyfry_early_lair_pool, uniq_natasha,
          uniq_duvessa

Skill      XL: |  1  2  3  4  5  6 |
---------------+-------------------+-----
Dodging        | 2 3 |  3.0
Ice Magic      | 3 4 |  4.6
Spellcasting   | 3 4 |  4.2
Summonings     | 1 2 |  2.7
Stealth        | |  1.7
Conjurations   | |  1.0

Action                   |  1- 3 |  4- 6 || total
-------------------------+-------+-------++-------
Melee: Club              |    21 |       ||    21
       Unarmed           |     2 |       ||     2
       Whip              |     2 |     4 ||     6
       Flail             |       |     2 ||     2
 Cast: Freeze            |    56 |   102 ||   158
       Throw Frost       |       |    33 ||    33
       Ozocubu's Armour  |       |     4 ||     4
       Summon Ice Beast  |       |     1 ||     1
  Use: Scroll            |       |     5 ||     5
       Potion            |       |     3 ||     3
  Eat: Chunk             |     3 |    10 ||    13
       Ration            |       |     1 ||     1
Armor: Robe              |     7 |     4 ||    11
Dodge: Dodged            |    55 |    76 ||   131

Table legend:
 A = Spawn XP
 B = Non-spawn XP
 C = Spawn XP percentage of total XP
 D = Spawn monster count
 E = Non-spawn monster count
 F = Spawn count percentage of total count
 G = Total turns spent on level
                    A         B        C        D         E        F      G
               +---------+---------+-------+---------+---------+-------+---------
         Total |       0 |     674 |   0.0 |       0 |      87 |   0.0 |  5485
               +---------+---------+-------+---------+---------+-------+---------
           D:1 |       0 |      56 |   0.0 |       0 |      28 |   0.0 |  1820
           D:2 |       0 |     160 |   0.0 |       0 |      21 |   0.0 |  1967
           D:3 |       0 |      93 |   0.0 |       0 |      23 |   0.0 |  1276
           D:4 |       0 |     365 |   0.0 |       0 |      15 |   0.0 |   422
               +---------+---------+-------+---------+---------+-------+---------
